 Dungeon Crawl Stone Soup version 0.27-a0-1177-g245c70e1c0 (webtiles) character file.

Game seed: 15843067694960805871

9177 Sobieck the Fighter (level 11, -4/72 HPs)
             Began as a Kobold Conjurer on May 16, 2021.
             Was a Believer of Ashenzari.
             Hit by a javelin thrown by Urug (20 damage)
             ... on level 10 of the Dungeon.
             The game lasted 00:52:28 (16144 turns).

Sobieck the Fighter (Kobold Conjurer)              Turns: 16144, Time: 00:52:29

Health: -4/72      AC:  6    Str:  4    XL:     11   Next: 69%
Magic:  11/19      EV: 17    Int: 27    God:    Ashenzari [**....]
Gold:   334        SH:  8    Dex: 17    Spells: 7/21 levels left

rFire    . . .     SeeInvis +   U - +4 dagger (distort) {!wshort}
rCold    . . .     Faith    .   q - +1 buckler
rNeg     . . .     Spirit   .   a - +0 robe
rPois    .         Reflect  .   N - +2 helmet "At What Cost Knowledge?" {Cun, Range} (curse)
rElec    .         Harm     .   k - scarf {+Inv}
rCorr    +         Rampage  .   L - +0 pair of gloves "Thunder Perfect Mind" {Int+4 Dex+3, Bglg, Comp} (curse)
Will     .....                  (no boots)
Stlth    ++++++....             E - amulet "Per Aspera Ad Scientiam" {RegenMP, @e2, Bglg, Range} (curse)
HPRegen  0.22/turn              e - ring of flight
MPRegen  0.41/turn              y - ring of resist corrosion

@: flying
A: small, no large weapons, nightstalker 3
a: Renounce Religion, Evoke Invisibility, Shatter the Chains


You were on level 10 of the Dungeon.
You worshipped Ashenzari.
Ashenzari was pleased with you.
You visited 2 branches of the dungeon, and saw 12 of its levels.
You also visited: Bailey.

You collected 334 gold pieces.


Innate Abilities, Weirdness & Mutations

You are small and have problems with some larger weapons.
You are completely attuned to the shadows.


   Skills:
 - Level 10.0 Fighting
 + Level 4.3(5.7) Dodging
 - Level 9.0(10.4) Stealth
 - Level 5.6 Shields
 * Level 5.6 Spellcasting
 - Level 9.9(12.0) Conjurations
 + Level 2.0(3.7) Hexes
 - Level 4.0(6.1) Translocations


You had 7 spell levels left.
You knew the following spells:

 Your Spells              Type           Power      Damage    Failure   Level
a - Magic Dart            Conj           100%       1d8       1%          1
b - Searing Ray           Conj           100%       3d7       1%          2
c - Iskenderun's Mystic   Conj/Tloc      54%        2d12      1%          4
d - Fulminant Prism       Conj/Hex       25%        3d14      2%          4
e - Tukima's Dance        Hex            27%        N/A       4%          3

Your spell library contained the following spells:

 Spells                   Type           Power      Damage    Failure   Level
 Corona                   Hex            30%        N/A       1%          1
 Dazzling Flash           Conj/Hex       100%       N/A       1%          3
 Gell's Gravitas          Tloc           20%        N/A       1%          3
 Ensorcelled Hibernation  Hex/Ice        34%        N/A       4%          2
 Confusing Touch          Hex            27%        N/A       4%          3
 Petrify                  Tmut/Erth      7%         N/A       54%         4
 Metabolic Englaciation   Hex/Ice        8%         N/A       65%         5
 Yara's Violent Unravell  Hex/Tmut       8%         3d5       65%         5

Inventory:

Hand Weapons
 c - a +2 dagger of draining {short}
   (You took it off a kobold on level 1 of the Dungeon)
 p - a +2 whip of electrocution {mace}
   (You took it off a gnoll on level 5 of the Dungeon)
 Q - the +12 arbalest of Kismet {elec, rN+ MP-9 SInv, crossbow}
   (You found it in a bailey)

   It charges the ammunition it shoots with electricity; occasionally upon a
   hit, such missiles may discharge and cause terrible harm.
   It protects you from negative energy.
   It affects your magic capacity (-9).
   It lets you see invisible.
 U - a +4 dagger of distortion (weapon) {!wshort}
   (You took it off Psyche on level 9 of the Dungeon)
Missiles
 d - 336 stones {throwing}
 g - 368 bolts
 j - 25 poisoned darts {throwing}
 o - 149 arrows
 B - 32 sling bullets
 G - 5 boomerangs {throwing}
 K - a curare-tipped dart {=fthrowing}
Armour
 a - a +0 robe (worn)
 k - a scarf of invisibility (worn)
   (You found it on level 3 of the Dungeon)
 q - a +1 buckler (worn)
   (You found it on level 1 of the Dungeon)
 s - a +0 pair of gloves
   (You found it on level 2 of the Dungeon)
 C - a +2 ring mail of cold resistance
   (You found it on level 6 of the Dungeon)
 L - the cursed +0 pair of gloves "Thunder Perfect Mind" (worn) {Int+4 Dex+3, Bglg, Comp}
   (You found it on level 8 of the Dungeon)

   It affects your intelligence (+4).
   It affects your dexterity (+3).
   It has a curse which improves the following skills: Beguiling: Conjurations,
   Hexes and Translocations.
   Companions: Summonings and Necromancy.
 N - the cursed +2 helmet "At What Cost Knowledge?" (worn) {Cun, Range}
   (You found it on level 9 of the Dungeon)

   It has a curse which improves the following skills: Cunning: Dodging and
   Stealth.
   Ranged Combat: Slings, Bows, Crossbows and Throwing.
 P - a +3 ring mail
   (You took it off an orc warrior in a bailey)
 R - a +3 leather armour
   (You took it off an orc on level 9 of the Dungeon)
 W - +0 acid dragon scales
   (You took it off Maggie on level 9 of the Dungeon)
Magical Staves
 l - a staff of fire {!astaff}
   (You found it on level 1 of the Dungeon)
 S - a staff of fire {!astaff}
   (You found it in a bailey)
Jewellery
 e - a ring of flight (left hand)
   (You found it on level 1 of the Dungeon)
 y - a ring of resist corrosion (right hand)
   (You took it off a gnoll shaman on level 5 of the Dungeon)
 E - the cursed amulet "Per Aspera Ad Scientiam" (around neck) {RegenMP, @e2, Bglg, Range}
   (You found it on level 7 of the Dungeon)

   [amulet of magic regeneration]

   It increases your rate of magic regeneration.
   It has a curse which improves the following skills: Beguiling: Conjurations,
   Hexes and Translocations.
   Ranged Combat: Slings, Bows, Crossbows and Throwing.
Wands
 b - a wand of digging (7)
   (You found it on level 3 of the Dungeon)
 t - a wand of iceblast (21)
   (You found it on level 5 of the Dungeon)
 w - a wand of flame (30)
   (You found it on level 4 of the Dungeon)
 O - a wand of mindburst (15)
   (You found it on level 9 of the Dungeon)
 V - a wand of paralysis (7)
   (You found it on level 9 of the Dungeon)
Scrolls
 f - 2 scrolls of noise {!r}
 m - 4 scrolls of amnesia
 n - 2 scrolls of fog
 u - 3 scrolls of immolation {!r!r}
 v - 2 scrolls of teleportation {@r4}
 z - a scroll of torment {!r}
 D - 2 scrolls of fear
 H - 4 scrolls of identify {@r1}
Potions
 h - a potion of invisibility
 i - a potion of mutation {!q}
 r - 2 potions of haste {@q3}
 x - 2 potions of heal wounds {@q2}
 A - 5 potions of curing {@q1}
 F - 2 potions of brilliance
 I - 3 potions of flight
 J - a potion of might
 M - a potion of resistance
 T - a potion of berserk rage {!q}

Dungeon Overview and Level Annotations

Branches:
Dungeon (11/15)            Temple (1/1) D:6          Bailey (visited)
   Lair: D:8-11         Orc: D:9-12

Altars:
Ashenzari
Cheibriados
Elyvilon
Gozag
Kikubaaqudgha
Makhleb
Okawaru
Qazlal
Sif Muna
Trog
Vehumet
Xom
Yredelemnul
Zin
The Shining One

Annotations:
D:5 1 runed translucent door, Belboz's ghost, novice DrBe
D:7 2 transporters, exclusion: downstairs, pubby's ghost, novice DjWz
D:10 Urug

'#.....#...#...#.†#.....#...#
,*
.#.....#...#...#..#.....#...#,,
, .#.....#####...##########...#
.#.....#†..#............# * *
##.#####...#............# ,
.......#)..#............#, *, ,
.......#††.#............#
.......#..##.....######## * *
..###'##..#.....@.o... *
..#.......#........(.., ,, , ,
..#.......#........... , *
..#.......#........=.., ,
###....#..#...>......., *
.......#..#........ ,,, *
.....<.#..#, , , .......#..# ,
, , .......#..# , ,


You could see Urug (ally target) and a friendly +2 demon trident of flaming.


Message History

Casting: Iskenderun's Mystic Blast (dangerous; 1% risk of failure)
Confirm with . or Enter, or press ? or * to list all spells.
You erupt in a blast of force!
The mystic blast hits the vampire mosquito!!
The mystic blast hits the vampire mosquito!
The vampire mosquito is knocked back by the mystic blast.
The vampire mosquito slams into the rock wall! 😕 MP[-3]
You lost 3 mp, and now have 10/19 mp.
Casting: Iskenderun's Mystic Blast (dangerous; 1% risk of failure)
Confirm with . or Enter, or press ? or * to list all spells.
Aiming: Searing Ray (safe; 1% risk of failure)
Press: ? - help, Shift-Dir - straight line, f - vampire mosquito
Aim: a vampire mosquito (severely damaged, 72% to hit)
The searing ray hits the vampire mosquito!
You destroy the vampire mosquito! (Press . to maintain the ray.) 😕 MP[-2]
You lost 2 mp, and now have 8/19 mp.
Casting: Searing Ray (safe; 1% risk of failure)
Confirm with . or Enter, or press ? or * to list all spells.
Aiming: Searing Ray (safe; 1% risk of failure)
Press: ? - help, Shift-Dir - straight line, f - vampire mosquito
Aim: a vampire mosquito (almost destroyed, 72% to hit)
The searing ray hits the vampire mosquito!
You destroy the vampire mosquito! (Press . to maintain the ray.)
Your base Hexes skill increases to level 2! 😕 MP[-1]
You lost 1 mp, and now have 7/19 mp.
You start resting. 😎 HP[+4] MP[+6]
Your hp is fully restored (72).
You regained 6 mp, and now have 13/19 mp.
You start resting. 😎 MP[+6]
Your mp is fully restored (19).
There is an open door here.
You reach down and open the door.
There is an open door here.
There is an open door here.
There is an open door here.
Urug is nearby!
Casting: Searing Ray (safe; 1% risk of failure)
Confirm with . or Enter, or press ? or * to list all spells.
Aiming: Searing Ray (safe; 1% risk of failure)
Press: ? - help, Shift-Dir - straight line, f - Urug
Aim: Urug, wielding a +2 demon trident of flaming, wearing a +2 scale mail of poison resistance and quivering javelins (wandering, hasn't noticed you, 79% to hit)
The searing ray hits Urug!
Urug shouts! (Press . to maintain the ray.) 😎 MP[-2]
You lost 2 mp, and now have 17/19 mp.
The searing ray hits Urug.
Urug hits you from afar with a +2 demon trident of flaming!
Urug burns you. 😕 HP[-8] MP[-1]
You take 8 damage, and now have 64/72 hp.
You lost 1 mp, and now have 16/19 mp.
The searing ray misses Urug.
Urug closely misses you. 😕 HP[+1]
The searing ray hits Urug.
You finish channeling your searing ray.
Urug hits you from afar with a +2 demon trident of flaming!!
Urug burns you.
* * * LOW HITPOINT WARNING * * *
😨 HP[-32] MP[-1]
You take 32 damage, and now have 33/72 hp.
MASSIVE DAMAGE!! (PAUSE)
You lost 1 mp, and now have 15/19 mp.
Casting: Searing Ray (safe; 1% risk of failure)
Confirm with . or Enter, or press ? or * to list all spells.
Aiming: Tukima's Dance (dangerous; 4% risk of failure)
Press: ? - help, Shift-Dir - straight line, f/p - Urug
Aim: Urug, wielding a +2 demon trident of flaming, wearing a +2 scale mail of poison resistance and quivering javelins (lightly wounded, chance to affect: 50%)
The +2 demon trident of flaming dances into the air! 😨 MP[-2]
You lost 2 mp, and now have 13/19 mp.
Casting: Tukima's Dance (dangerous; 4% risk of failure)
Confirm with . or Enter, or press ? or * to list all spells.
Aiming: Searing Ray (safe; 1% risk of failure)
Press: ? - help, Shift-Dir - straight line, f/p - Urug
Aim: Urug, wearing a +2 scale mail of poison resistance and quivering javelins (lightly wounded, ally target, 79% to hit)
The searing ray hits Urug but does no damage. (Press . to maintain the ray.) Urug hits you!!
* * * LOW HITPOINT WARNING * * *
😱 HP[-18] MP[-2]
You take 18 damage, and now have 15/72 hp.
MASSIVE DAMAGE!! (PAUSE)
You lost 2 mp, and now have 11/19 mp.
Casting: Searing Ray (safe; 1% risk of failure)
Confirm with . or Enter, or press ? or * to list all spells.
Really blast near your +2 demon trident of flaming?
Okay, then.
Casting: Iskenderun's Mystic Blast (dangerous; 1% risk of failure)
Confirm with . or Enter, or press ? or * to list all spells.
Okay, then.
Unknown command.
Urug throws a javelin.
The javelin pierces through you!!
You die...

Skill      XL: |  1  2  3  4  5  6  7  8  9 10 11 |
---------------+----------------------------------+-----
Fighting       | 1 3 4 5 6 7 10 | 10.0
Conjurations   | 5 6 7 8 9 |  9.9
Shields        | 1 2 3 4 5 |  5.6
Translocations | 3 4 |  4.0
Spellcasting   | 3 4 5 |  5.6
Stealth        | 5 9 |  9.0
Dodging        | 4 |  4.3
Hexes          | 2 |  2.0

Action                   |  1- 3 |  4- 6 |  7- 9 | 10-12 || total
-------------------------+-------+-------+-------+-------++-------
Melee: Dagger            |    14 |    39 |    12 |    36 ||   101
       Whip              |       |       |    41 |    11 ||    52
 Cast: Magic Dart        |    59 |    11 |    15 |    13 ||    98
       Searing Ray       |     4 |    14 |    66 |    69 ||   153
       Iskenderun's Myst |       |       |       |    11 ||    11
       Tukima's Dance    |       |       |       |     1 ||     1
Invok: Curse Item        |       |       |     2 |     2 ||     4
       Shatter the Chain |       |       |       |     1 ||     1
Evoke: Wand              |       |     1 |       |       ||     1
  Use: Scroll            |       |    12 |     2 |     4 ||    18
 Stab: Sleeping          |     1 |     7 |     5 |    10 ||    23
Armor: Robe              |     6 |     8 |    17 |    13 ||    44
       Skin              |       |       |       |     1 ||     1
Dodge: Dodged            |    22 |    51 |    86 |   104 ||   263
Block: Buckler           |       |       |     7 |    41 ||    48

Levels and vault maps discovered:
D:1:      matt_arrival_los_fun, layout_basic, serial_forest,
          infiniplex_forest_lined_3, infiniplex_forest_lined_room_2,
          infiniplex_forest_corner_2, infiniplex_forest_end_2,
          infiniplex_forest_zigzag_1, infiniplex_forest_clump_diagonal,
          infiniplex_forest_corner_1, grunt_decor_cap
D:2:      layout_loops_cross, ebering_ecumenical_altar_sacrificial
D:3:      minmay_octagon_keep, layout_basic, grunt_qazlal_clouds,
          general_overflow_altar
D:4:      layout_cave_pools, overflow_temple_1_default, serial_rivers,
          chequers_serial_rivers_marsh, chequers_serial_rivers_large_a,
          chequers_serial_rivers_small_3, chequers_serial_rivers_micro_d,
          grunt_ministairs_4, lexackson_kobold_supper, uniq_edmund, uniq_ijyb
D:5:      layout_basic, old_standard_altar, makhleb_blood_cavern_becter,
          gammafunk_ghost_grave, st_stairs_2
D:6:      wander_river, layout_gridville, tso_metal_star, tgw_kikubaaqudgha,
          minmay_temple_entry_mini_moons, serial_rivers,
          chequers_serial_rivers_micro_c, chequers_serial_rivers_marsh,
          chequers_serial_rivers_micro_b, chequers_serial_rivers_micro_b,
          minmay_misc_feat_doors, minmay_hedge_maze, uniq_menkaure
D:7:      layout_loops_ring, zin_angel, gammafunk_ghost_wrathful_warriors
D:8:      layout_loops_corners, xom_redecorated, nicolae_overflow_crystal_walls
D:9:      layout_basic, uniq_psyche, uniq_maggie, uniq_pikel
D:10:     layout_grid_maze, fedhas_ov_isle_minmay, david_orc_3, enter_bailey_5,
          special_room [special_room_orc], minmay_misc_feat_alley, uniq_joseph,
          uniq_snorg, uniq_urug, uniq_grum
D:11:     layout_irregular_city, minmay_lair_entry_grove, slow_altar_1
Temple:   minmay_temple_curvy_loop

Notes
Turn   | Place    | Note
-------+----------+-------------------------------------------
     0 | D:1      | Sobieck the Kobold Conjurer began the quest for the Orb.
     0 | D:1      | Reached XP level 1. HP: 10/10 MP: 3/3
     0 | D:1      | magus.rc [v1.9.6]
   190 | D:1      | HP: 2/11 [jackal (2)]
   216 | D:1      | HP: 2/11 [jackal (1)]
   221 | D:1      | Reached skill level 1 in Fighting
   221 | D:1      | Reached XP level 2. HP: 3/16 MP: 1/5
   227 | D:1      | HP: 3/16 [jackal (1)]
   487 | D:1      | Learned a level 2 spell: Searing Ray
  1098 | D:1      | Reached XP level 3. HP: 21/21 MP: 6/6
  1787 | D:2      | Reached skill level 2 in Fighting
  2567 | D:2      | Found a faded altar of an unknown god.
  2661 | D:4      | Noticed a scorpion
  2664 | D:4      | Killed a scorpion
  2665 | D:4      | Reached skill level 3 in Fighting
  2665 | D:4      | Reached skill level 5 in Conjurations
  2665 | D:4      | Reached XP level 4. HP: 20/28 MP: 2/7
  2665 | D:4      | Reached XP level 5. HP: 23/32 MP: 2/8
  3624 | D:4      | Noticed an ice beast
  3682 | D:3      | Killed an ice beast
  3683 | D:3      | Reached skill level 1 in Shields
  3683 | D:3      | Reached XP level 6. HP: 32/38 MP: 1/9
  4046 | D:3      | Found an opulent altar of Gozag.
  4154 | D:3      | Found a stormy altar of Qazlal.
  4416 | D:4      | Reached skill level 4 in Fighting
  4494 | D:5      | Entered Level 5 of the Dungeon
  4500 | D:4      | HP: 8/38 [gnoll/+0 halberd (11)]
  5005 | D:4      | Found an iron altar of Okawaru.
  5038 | D:4      | Reached XP level 7. HP: 38/44 MP: 4/10
  5221 | D:4      | Reached skill level 2 in Shields
  5223 | D:4      | Reached skill level 6 in Conjurations
  5223 | D:4      | HP: 10/44 [kobold/+0 whip (3)]
  5602 | D:4      | Noticed Edmund
  5617 | D:5      | Reached skill level 5 in Fighting
  5851 | D:4      | HP: 8/44 [Edmund/+1 dire flail of holy wrath (11)]
  5861 | D:3      | Killed Edmund
  6143 | D:5      | Reached XP level 8. HP: 43/51 MP: 1/11
  6148 | D:5      | Learned a level 4 spell: Iskenderun's Mystic Blast
  6432 | D:4      | Reached skill level 6 in Fighting
  6714 | D:4      | Noticed Ijyb
  6719 | D:4      | Killed Ijyb
  6720 | D:4      | Reached skill level 7 in Conjurations
  6848 | D:4      | Reached skill level 3 in Shields
  6848 | D:4      | Reached skill level 1 in Translocations
  7553 | D:5      | Reached skill level 2 in Translocations
  7707 | D:5      | Found a runed translucent door.
  7707 | D:5      | Noticed Belboz's ghost (novice DrBe)
  7924 | D:5      | Found a radiant altar of Vehumet.
  8137 | D:5      | Found a burning altar of Makhleb.
  8339 | D:6      | Found a staircase to the Ecumenical Temple.
  8345 | Temple   | Entered the Ecumenical Temple
  8414 | Temple   | Became a worshipper of Ashenzari the Shackled
  8528 | D:6      | Reached skill level 3 in Spellcasting
  8677 | D:6      | Reached skill level 3 in Translocations
  8724 | D:6      | Found an ancient bone altar of Kikubaaqudgha.
  8896 | D:6      | Reached XP level 9. HP: 55/55 MP: 9/14
  8952 | D:6      | Noticed Menkaure
  8958 | D:6      | Killed Menkaure
  8959 | D:6      | Reached skill level 4 in Spellcasting
  9140 | D:6      | Reached skill level 4 in Shields
  9140 | D:6      | Reached skill level 4 in Translocations
  9245 | D:6      | You pick up a book of Misfortune and begin reading...
  9245 | D:6      | You add the spells Confusing Touch, Gell's Gravitas,
                  | Petrify, Metabolic Englaciation and Yara's Violent
                  | Unravelling to your library.
  9547 | D:6      | Found a glowing golden altar of the Shining One.
 10103 | D:7      | Found a transporter.
 10157 | D:7      | Found a transporter.
 10181 | D:7      | Noticed pubby's ghost (novice DjWz)
 10181 | D:7      | Noticed a moth of wrath
 10722 | D:7      | Noticed a hornet
 10727 | D:7      | Killed a hornet
 10728 | D:7      | Reached skill level 7 in Fighting
 10883 | D:7      | Reached skill level 8 in Conjurations
 10974 | D:7      | Reached * piety under Ashenzari
 11218 | D:7      | Found a glowing silver altar of Zin.
 11218 | D:7      | Noticed an angel
 11390 | D:8      | Reached XP level 10. HP: 64/64 MP: 11/16
 11421 | D:8      | Found a shimmering altar of Xom.
 11421 | D:8      | Found a shimmering altar of Xom.
 11421 | D:8      | Found a shimmering altar of Xom.
 11454 | D:8      | Reached skill level 8 in Fighting
 11454 | D:8      | Reached skill level 5 in Shields
 11541 | D:8      | Found a shimmering altar of Xom.
 11546 | D:8      | Found a shimmering altar of Xom.
 11939 | D:8      | Identified the +0 pair of gloves "Fetewk Kufa" {Int+4
                  | Dex+3}
 12122 | D:8      | Reached skill level 9 in Conjurations
 12184 | D:8      | Found a snail-covered altar of Cheibriados.
 12858 | D:9      | Noticed Pikel
 12868 | D:8      | Killed Pikel
 12869 | D:8      | Reached skill level 9 in Fighting
 12979 | D:9      | You pick up a book of Maledictions and begin reading...
 12979 | D:9      | You add the spells Corona, Ensorcelled Hibernation and
                  | Tukima's Dance to your library.
 13126 | D:10     | Entered Level 10 of the Dungeon
 13146 | D:10     | Found a flagged portal.
 13154 | Bailey   | Entered a bailey
 13926 | Bailey   | Identified the +12 arbalest of Kismet {elec, rN+ MP-9 SInv}
 13929 | Bailey   | Noticed an orc knight
 13986 | Bailey   | Killed an orc knight
 13987 | Bailey   | Reached skill level 10 in Fighting
 13987 | Bailey   | Reached skill level 5 in Stealth
 14002 | Bailey   | Reached XP level 11. HP: 56/72 MP: 1/17
 14073 | Bailey   | magus.rc [v1.9.6]
 14151 | Bailey   | Reached skill level 6 in Stealth
 14284 | D:9      | Noticed a cyclops
 14350 | D:9      | Killed a cyclops
 14350 | D:9      | Noticed Psyche
 14351 | D:9      | Reached skill level 8 in Stealth
 14355 | D:9      | Killed Psyche
 14380 | D:9      | Identified the cursed +2 helmet "At What Cost Knowledge?"
                  | {Cun, Range} (You found it on level 9 of the Dungeon)
 14531 | D:9      | Reached skill level 9 in Stealth
 14873 | D:9      | Noticed Maggie
 14911 | D:9      | Killed Maggie
 14912 | D:9      | Reached skill level 3 in Dodging
 15002 | D:9      | Reached ** piety under Ashenzari
 15008 | D:9      | Learned a level 4 spell: Fulminant Prism
 15012 | D:9      | Learned a level 3 spell: Tukima's Dance
 15333 | D:10     | Noticed Urug
 15404 | D:10     | Noticed Grum
 15408 | D:10     | Killed Grum
 15684 | D:10     | Noticed Snorg
 15696 | D:10     | HP: 18/72 [Snorg (4)]
 15697 | D:10     | Killed Snorg
 15698 | D:10     | Reached skill level 4 in Dodging
 15698 | D:10     | Reached skill level 5 in Spellcasting
 15698 | D:10     | Reached skill level 1 in Hexes
 16071 | D:10     | Reached skill level 2 in Hexes
 16143 | D:10     | HP: 15/72 [Urug (18)]
 16144 | D:10     | Hit by a javelin thrown by Urug

Vanquished Creatures
  Snorg (D:10)
  An orc knight (Bailey)
  Pikel (D:8)
  A cyclops (D:9)
  Maggie (D:9)
  Psyche (D:9)
  3 hornets
  A wyvern (D:9)
  Grum (D:10)
  4 vampire mosquitoes (D:10)
  A steam dragon (D:8)
  Menkaure (D:6)
  Edmund (D:3)
  An acid dragon (D:9)
  12 orc warriors
  2 ice beasts
  2 sky beasts
  An ogre (D:7)
  A black bear (D:8)
  2 necrophages
  4 wolves (D:10)
  3 centaurs
  A phantom (D:4)
  A lemure (D:8)
  3 kobold brigands
  5 scorpions
  A wyvern skeleton (D:7)
  A water moccasin skeleton (D:6)
  9 killer bees
  3 wights (D:7)
  2 howler monkeys
  A jelly (D:5)
  A bullfrog zombie (D:6)
  A hound (D:5)
  2 centaur skeletons
  A gnoll shaman (D:5)
  7 orc priests
  2 iguanas
  8 orc wizards
  Ijyb (D:4)
  A scorpion zombie (D:5)
  A killer bee zombie (D:8)
  5 gnolls
  5 adders
  A shadow imp (D:5)
  2 adder skeletons (D:4)
  2 dart slugs
  54 orcs
  10 ball pythons
  7 endoplasms
  2 giant cockroaches
  10 goblins
  3 hobgoblins
  6 jackals
  2 quokkas
  4 bats
  4 frilled lizards
  17 kobolds
  5 rats
237 creatures vanquished.

Vanquished Creatures (others)
  18 plants (D:4)
  2 withered plants (D:5)
20 creatures vanquished.

Grand Total: 257 creatures vanquished

Table legend:
 A = Non-vault XP
 B = Vault XP
 C = Vault XP percentage of total XP
 D = Non-vault monster count
 E = Vault monster count
 F = Vault count percentage of total count
                 A         B        C        D         E       F
            +---------+---------+-------+---------+---------+-------
      Total |    7306 |    5804 |  44.3 |     181 |      55 |  23.3
            +---------+---------+-------+---------+---------+-------
        D:1 |      40 |       0 |   0.0 |      24 |       0 |   0.0
        D:2 |      22 |       0 |   0.0 |      14 |       0 |   0.0
        D:3 |     217 |     171 |  44.1 |      14 |       2 |  12.5
        D:4 |     519 |     144 |  21.7 |      22 |      10 |  31.2
        D:5 |     492 |      59 |  10.7 |      12 |       3 |  20.0
        D:6 |     621 |     175 |  22.0 |      14 |       1 |   6.7
        D:7 |    1372 |       0 |   0.0 |      27 |       0 |   0.0
        D:8 |    1378 |     617 |  30.9 |      27 |       1 |   3.6
        D:9 |    1763 |     783 |  30.8 |      18 |       2 |  10.0
       D:10 |     882 |    1831 |  67.5 |       9 |      10 |  52.6
     Bailey |       0 |    2024 | 100.0 |       0 |      26 | 100.0
            +---------+---------+-------+---------+---------+-------

Illustrated notes

Table legend:
 A = Kills in this place as a percentage of kills in entire the game.
 B = Kills by you in this place as a percentage of kills by you in the entire game.
 C = Kills by friends in this place as a percentage of kills by friends in the entire game.
 D = Other kills in this place as a percentage of other kills in the entire game.
 E = Experience gained in this place as a percentage of experience gained in the entire game.
 F = Experience gained in this place divided by the number of levels of this place that you have seen.
                   A       B       C       D       E      F
               +-------+-------+-------+-------+-------+----------------------
         Total | 100.0 | 100.0 |   N/A |   N/A | 100.0 | 1008.5
       Dungeon |  89.0 |  89.0 |   N/A |   N/A |  84.6 | 1007.8
        Bailey |  11.0 |  11.0 |   N/A |   N/A |  15.4 | 2024.0
               +-------+-------+-------+-------+-------+----------------------

Table legend: (Time is in decaauts)
 A = Elapsed time spent in this place.
 B = Non-inter-level travel time spent in this place.
 C = Inter-level travel time spent in this place.
 D = Time resting spent in this place.
 E = Time spent auto-exploring this place.
 F = Levels seen in this place.
 G = Mean time per level.
                   A        B        C        D        E       F      G
               +--------+--------+--------+--------+--------+-----+--------+
         Total |  16192 |  15381 |    811 |   5312 |   6868 |  13 | 1245.5 |
       Dungeon |  15021 |  14245 |    776 |   4819 |   6796 |  11 | 1365.5 |
        Temple |    104 |     69 |     35 |      0 |     60 |   1 |  104.0 |
        Bailey |   1066 |   1066 |      0 |    493 |     12 |   1 | 1066.0 |
               +--------+--------+--------+--------+--------+-----+--------+

Top non-repeatable levels by time:
     D:3: 2658 daAuts
     D:1: 1971 daAuts
     D:8: 1584 daAuts
     D:4: 1476 daAuts
     D:7: 1462 daAuts
     D:6: 1432 daAuts
     D:9: 1319 daAuts
     D:5: 1175 daAuts
  Bailey: 1066 daAuts
     D:2: 1060 daAuts
    D:10: 879 daAuts
  Temple: 104 daAuts
    D:11: 1 daAuts
